 Dungeon Sprint DCSS version 0.29.1-15-g9cfb28693d (webtiles) character file.

Game seed: 12889601169244993608

129 Groucho the Trooper (level 5, -3/55 HPs)
             Began as a Naga Fighter on Apr 1, 2023.
             Slain by an iguana (6 damage)
             ... in the Dungeon (Sprint IX: "|||||||||||||||||||||||||||||").
             The game lasted 00:00:46 (572 turns).

Groucho the Trooper (Naga Fighter)                   Turns: 572, Time: 00:00:47

Health: -3/55      AC:  5    Str: 18    XL:     5   Next: 12%
Magic:  5/5        EV:  7    Int:  8    God:
Gold:   0          SH:  5    Dex: 13    Spells: 4/4 levels left

rFire   . . .      SeeInvis +   a - +0 war axe
rCold   . . .      Faith    .   c - +0 buckler
rNeg    . . .      Spirit   .   b - +0 scale mail
rPois   +          Reflect  .   (no helmet)
rElec   .          Harm     .   (no cloak)
rCorr   .          Rampage  .   (no gloves)
Will    .....      NoTele   +   (no barding)
Stlth   ..........              (no amulet)
HPRegen 0.18/turn               (no ring)
MPRegen 0.09/turn               (no ring)

@: lethally poisoned (-3 -> -6), hasted, quick
A: AC +1, large, see invisible, deformed body, poison resistance, slowness 2,
spit poison 1, naga tail 1
a: Spit Poison


You were in the Dungeon.
You visited 1 branch

Inventory:

Hand Weapons
 a - a +0 war axe (weapon)
Armour
 b - a +0 scale mail (worn)
 c - a +0 buckler (worn)
Scrolls
 j - a scroll of blinking
Potions
 d - a potion of might
 h - 2 potions of magic


   Skills:
 + Level 5.7 Fighting
 + Level 5.2 Axes
 + Level 4.7 Armour
 + Level 5.1 Shields


You had 4 spell levels left.
You didn't know any spells.
Your spell library was empty.

Dungeon Overview and Level Annotations

Branches:
Dungeon (1/1)

Altars:


Innate Abilities, Weirdness & Mutations

Your serpentine skin is tough. (AC +1)
You have supernaturally acute eyesight. (SInv)
Armour fits poorly on your strangely shaped body.
Your system is resistant to poisons. (rPois)
You cover ground very slowly.
You can spit poison.
You have a snake-like lower body.


Message History

You barely miss the scorpion.
The scorpion is lightly wounded.
The scorpion stings you.
You slash the scorpion!
The scorpion is heavily wounded.
The scorpion stings you.
You are poisoned.
The scorpion poisons you!
You slash the scorpion!
You kill the scorpion!
* * * LOW HITPOINT WARNING * * *
You feel very sick.
Your Fighting skill increases to level 5!
Your Axes skill increases to level 5!
Your Shields skill increases to level 5!
You have reached level 5!
You barely miss the ufetubus.
You feel sick.
The ufetubus hits you but does no damage.
The ufetubus barely misses you.
You barely miss the ufetubus.
You feel sick.
The ufetubus hits you but does no damage. x2
You barely miss the ufetubus.
You feel sick.
The ufetubus hits you but does no damage.
The ufetubus hits you.
* * * LOW HITPOINT WARNING * * *
The ufetubus barely misses you.
The ufetubus hits you but does no damage.
You barely miss the ufetubus.
* * * LOW HITPOINT WARNING * * *
You feel sick. The ufetubus barely misses you. The ufetubus hits you.
* * * LOW HITPOINT WARNING * * *
You slash the ufetubus!
You kill the ufetubus!
* * * LOW HITPOINT WARNING * * *
You feel sick.
Unknown command.
You barely miss the iguana.
* * * LOW HITPOINT WARNING * * *
You feel sick. The iguana bites you.
You die... ▓▓▓▓▓▓▓▓▓▓▓▓▓▓▓▓▓▓ ▓<...))...@l.....+ ▓▓▓▓▓▓▓▓▓▓▓▓▓▓▓▓▓▓

You could see an iguana.

Vanquished Creatures
  2 scorpions (D)
  2 ufetubi (D)
  A hobgoblin (D)
  3 kobolds (D)
  A frilled lizard (D)
9 creatures vanquished.

Notes
Turn   | Place    | Note
-------+----------+-------------------------------------------
     0 | D        | Groucho the Naga Fighter began the quest for the Orb.
     0 | D        | Reached XP level 1. HP: 21/21 MP: 1/1
   548 | D        | Noticed a scorpion
   548 | D        | Noticed a scorpion
   548 | D        | Noticed an iguana
   553 | D        | Reached XP level 2. HP: 17/28 MP: 2/2
   559 | D        | Killed a scorpion
   560 | D        | Reached XP level 3. HP: 19/38 MP: 3/3
   560 | D        | Reached XP level 4. HP: 22/45 MP: 4/4
   566 | D        | Killed a scorpion
   567 | D        | Reached skill level 5 in Fighting
   567 | D        | Reached skill level 5 in Axes
   567 | D        | Reached skill level 5 in Shields
   567 | D        | Reached XP level 5. HP: 14/54 MP: 5/5
   572 | D        | Slain by an iguana

Illustrated notes

Levels and vault maps discovered:
D:        linesprint [early_d, line_temple, items_1, d_10, items_2, lair_1,
          lair_end, items_3, orc_1, orc_end, items_4, d_15, swamp_1, shoals_1,
          snake_1, spider_1, d_20, vaults_1, items_5, swamp_end, shoals_end,
          snake_end, spider_end, vaults_end, d_27, items_6, zot_1, zot_end,
          crypt_end, forest_end, elf_end, slime_end, tomb_end, abyss_end,
          pan_hell_end]

Skill      XL: |  1  2  3  4 |
---------------+-------------+-----
Shields        | 3 4 5 |  5.1
Armour         | 3 4 |  4.7
Fighting       | 4 5 |  5.7
Axes           | 4 5 |  5.2

Action                   |  1- 3 |  4- 6 || total
-------------------------+-------+-------++-------
Melee: War axe           |    21 |    13 ||    34
  Use: Potion            |     4 |       ||     4
Armor: Scale mail        |     5 |     7 ||    12
Dodge: Dodged            |     6 |     3 ||     9
Block: Buckler           |     5 |     2 ||     7
